 Dungeon Crawl Stone Soup version 0.28.0 (webtiles) character file.

Game seed: 15288823515128956058

800 bande the Chopper (level 7, -6/66 HPs)
             Began as a Gargoyle Fighter on Feb 10, 2022.
             Mangled by Duvessa (8 damage)
             ... on level 5 of the Dungeon.
             The game lasted 00:09:24 (5137 turns).

bande the Chopper (Gargoyle Fighter)                Turns: 5137, Time: 00:09:24

Health: -6/66      AC: 23    Str: 20    XL:     7   Next: 90%
Magic:  7/7        EV:  2    Int:  8    God:
Gold:   203        SH:  4    Dex: 11    Spells: 6/6 levels left

rFire   . . .      SeeInvis .   a - +1 war axe
rCold   . . .      Faith    .   c - +0 buckler
rNeg    + . .      Spirit   .   (armour currently unavailable)
rPois   ∞          Reflect  .   (helmet currently unavailable)
rElec   .          Harm     .   (cloak currently unavailable)
rCorr   .          Rampage  .   (gloves currently unavailable)
Will    .....      NoTele   +   (boots currently unavailable)
Stlth   +.........              (no amulet)
HPRegen 0.21/turn               (no ring)
MPRegen 0.10/turn               (no ring)

@: lit by a corona, tree-form, glowing
A: stationary, stasis, torment immunity, boosted hp, sickness immunity, AC +4,
negative energy resistance 1, (electricity resistance), torment resistance 1,
petrification resistance
a: no special abilities


You were on level 5 of the Dungeon.
You were a tree.
You visited 1 branch of the dungeon, and saw 5 of its levels.

You collected 203 gold pieces.

Inventory:

Hand Weapons
 a - a +1 war axe (weapon)
 g - a +0 flail
Armour
 c - a +0 buckler (worn)
 h - a +1 hat (melded)
 k - a +2 cloak (melded)
 q - a +0 chain mail (melded)
Wands
 m - a wand of digging (3)
Scrolls
 f - 2 scrolls of enchant weapon
Potions
 b - a potion of lignification
 e - a potion of invisibility {unknown}
 i - a potion of heal wounds {unknown}
 j - a potion of cancellation {unknown}
 n - a potion of attraction {unknown}
 o - 2 potions of haste


   Skills:
 + Level 4.9 Fighting
 + Level 5.4 Axes
 + Level 5.3 Armour
 + Level 4.3 Shields
 * Level 2.2 Evocations


You had 6 spell levels left.
You didn't know any spells.
Your spell library contained the following spells:

 Spells                   Type           Power      Damage    Failure   Level
 Corpse Rot               Necr/Air       0%         N/A       63%         2
 Poisonous Vapours        Pois/Air       0%         N/A       63%         2
 Dazzling Flash           Conj/Hex       0%         N/A       86%         3
 Agony                    Necr           0%         N/A       100%        5
 Silence                  Hex/Air        0%         N/A       100%        5


Dungeon Overview and Level Annotations

Branches:
Dungeon (5/15)             Temple (0/1) D:5

Altars:

Shops:
D:2 *   D:3 (

Annotations:
D:5 Dowan, Duvessa


Innate Abilities, Weirdness & Mutations

You are a tree.
Your roots penetrate the ground, keeping you stationary.
You cannot be teleported.
You are immune to unholy pain and torment.
Your maximum health is greatly increased.
Your equipment is partially melded.
You are immune to sickness and miasma.
((Your stone body is resilient. (AC +4)))
You are immune to poison.
You resist negative energy. (rN+)
((You are resistant to electric shocks. (rElec)))
You are resistant to unholy torment.
You are immune to petrification.


Message History

Unknown command.
You slash Duvessa!
Duvessa is heavily wounded.
Duvessa hits you but does no damage.
Dowan points at you and mumbles some strange words.
You are outlined in light.
Duvessa hits you but does no damage.
You hit Duvessa but do no damage.
Duvessa is heavily wounded.
Duvessa hits you but does no damage. x2
You hit Duvessa.
Duvessa is heavily wounded.
Duvessa hits you with a +5 short sword of flaming.
* * * LOW HITPOINT WARNING * * *
Duvessa burns you.
* * * LOW HITPOINT WARNING * * *
Duvessa hits you but does no damage.
You hit Duvessa.
Duvessa is severely wounded.
Duvessa hits you but does no damage. x2
You hit Duvessa but do no damage.
Duvessa is severely wounded.
You closely miss Dowan.
Duvessa hits you with a +5 short sword of flaming.
* * * LOW HITPOINT WARNING * * *
Duvessa burns you.
* * * LOW HITPOINT WARNING * * *
Dowan hits you but does no damage. Duvessa hits you but does no damage.
You barely miss Dowan. You barely miss Duvessa. You block Dowan's attack.
Duvessa barely misses you. Dowan hits you but does no damage.
You miss Dowan. You barely miss Duvessa. Duvessa barely misses you.
Duvessa says, "Where magic fails, the sword succeeds!"
You block Duvessa's attack.
Dowan points at you and mumbles some strange words.
The puff of frost hits you.
* * * LOW HITPOINT WARNING * * *
You hit Dowan.
Dowan is lightly wounded.
You hit Duvessa.
Duvessa hits you with a +5 short sword of flaming!
You die...

#####'##..........#'### .#
...##.##.####.#.#.....# #
...##.##.####.#.#.....#
...##.##......#.......#
#####.##......####....#
#.##................
#.##.##########.###.. #
#.##.##########.......
#####.##......:.♣e........
......##########.e#.#.#.
......# #.......[ ......#
#..#..... ......#
#........ ......#
#..#...>. ......#
######........
......#####...##..#.....
##..#.##......#


You could see Duvessa (fast) and Dowan.

Vanquished Creatures
  A water moccasin (D:4)
  An ogre (D:5)
  A centaur (D:5)
  A phantom (D:5)
  A howler monkey (D:4)
  A centaur skeleton (D:4)
  A bullfrog skeleton (D:5)
  A hound (D:5)
  A jelly (D:4)
  2 iguanas
  Natasha (thrice) (D:4)
  4 gnolls (D:5)
  3 adders
  A white imp (D:5)
  An ufetubus (D:5)
  4 worms
  4 dart slugs
  3 orcs
  4 bats
  4 endoplasms
  5 giant cockroaches
  9 goblins
  7 hobgoblins
  2 jackals (D:2)
  4 quokkas
  4 ball pythons
  2 frilled lizards
  5 kobolds
  2 rats
82 creatures vanquished.

Notes
Turn   | Place    | Note
-------+----------+-------------------------------------------
     0 | D:1      | bande the Gargoyle Fighter began the quest for the Orb.
     0 | D:1      | Reached XP level 1. HP: 14/14 MP: 1/1
   351 | D:1      | Reached XP level 2. HP: 19/19 MP: 2/2
   590 | D:1      | Found a faded altar of an unknown god.
  1038 | D:1      | Reached XP level 3. HP: 23/23 MP: 3/3
  1380 | D:2      | Found Velacw's Assorted Antiques.
  1778 | D:2      | Reached XP level 4. HP: 27/29 MP: 4/4
  2216 | D:3      | Found Viddaif's Antique Weapon Emporium.
  2733 | D:3      | Reached XP level 5. HP: 30/33 MP: 5/5
  3055 | D:4      | Noticed Natasha
  3061 | D:4      | Killed Natasha
  3074 | D:4      | Noticed Natasha
  3085 | D:4      | Killed Natasha
  3123 | D:4      | Noticed Natasha
  3135 | D:4      | Killed Natasha
  3347 | D:4      | Reached XP level 6. HP: 38/38 MP: 6/6
  3401 | D:4      | Noticed a water moccasin
  3431 | D:4      | Killed a water moccasin
  3432 | D:4      | Reached skill level 1 in Evocations
  3867 | D:4      | Reached XP level 7. HP: 44/44 MP: 7/7
  3946 | D:5      | Entered Level 5 of the Dungeon
  4131 | D:5      | Reached skill level 5 in Axes
  4131 | D:5      | Reached skill level 5 in Armour
  5114 | D:5      | Noticed Duvessa
  5115 | D:5      | Found a staircase to the Ecumenical Temple.
  5115 | D:5      | Noticed Dowan
  5124 | D:5      | HP: 3/66 [Duvessa (3)]
  5136 | D:5      | HP: 1/66 [Dowan/puff of frost (5)]
  5137 | D:5      | Mangled by Duvessa

Illustrated notes

Levels and vault maps discovered:
D:1:      evilmike_arrival_rings, layout_basic,
          hellmonk_ecumenical_altar_pennies_from_heaven, minmay_tromino_mix6
D:2:      layout_rooms, serial_shops, shop, grunt_decor_fettered
D:3:      layout_loops_ring, serial_shops, nicolae_shop_advertising_works
          [nicolae_subvault_shop_adworks]
D:4:      layout_basic, st_stairs_3, minmay_circle_x, uniq_natasha
D:5:      layout_basic, minmay_temple_entry_glass, uniq_duvessa, uniq_menkaure

Skill      XL: |  1  2  3  4  5  6  7 |
---------------+----------------------+-----
Axes           | 2 3 4 5 |  5.4
Armour         | 4 5 |  5.3
Fighting       | 4 |  4.9
Evocations     | 1 2 |  2.2
Shields        | 4 |  4.3

Action                   |  1- 3 |  4- 6 |  7- 9 || total
-------------------------+-------+-------+-------++-------
Melee: War axe           |   100 |   138 |    94 ||   332
  Use: Scroll            |     4 |     1 |     1 ||     6
       Potion            |       |       |     5 ||     5
Armor: Scale mail        |    61 |    84 |     2 ||   147
       Chain mail        |       |       |    55 ||    55
       Skin              |       |       |    17 ||    17
Dodge: Dodged            |    67 |    48 |    30 ||   145
Block: Buckler           |    27 |    30 |    34 ||    91
